 Dungeon Crawl Stone Soup version 0.31-a0-431-g88bdf31460 (webtiles) character file.

Game seed: 5419892801473968210

12803 howech the Severer (level 11, -7/142 HPs)
             Began as a Minotaur Berserker on July 31, 2023.
             Was a High Priest of Trog.
             Mangled by a cyclops (17 damage)
             ... on level 9 of the Dungeon.
             The game lasted 00:27:13 (10750 turns).

howech the Severer (Minotaur Berserker)            Turns: 10750, Time: 00:27:14

Health: -7/142     AC: 17    Str: 28    XL:     11   Next: 67%
Magic:  10/10      EV:  9    Int:  6    God:    Trog [*****.]
Gold:   592        SH:  0    Dex: 12    Spells: 10/10 levels left

rFire   + . .        l - +4 battleaxe
rCold   . . .        (shield currently unavailable)
rNeg    . . .        H - +0 plate armour
rPois   .            n - +0 hat
rElec   .            (no cloak)
rCorr   .            (no gloves)
SInv    .            q - +0 pair of boots
Will    ++...        (no amulet) Stlth
                     m - +6 ring of strength
HPRegen 1.43/turn    i - +4 ring of protection
MPRegen 0.12/turn

%: no passive effects
@: berserking (expiring), strong-willed, regenerating, very quick
A: horns 2, retaliatory headbutt, hooves 1, fire resistance 1
a: Renounce Religion, Berserk, Trog's Hand, Brothers in Arms


You were on level 9 of the Dungeon.
You worshipped Trog.
Trog was extremely pleased with you.
You visited 2 branches of the dungeon, and saw 10 of its levels.
You also visited: Sewer.

You collected 592 gold pieces.

Inventory:

Hand Weapons
 a - a +0 hand axe
 g - a +4 antimagic spear
 l - a +4 battleaxe (weapon)
 x - a +0 heavy hand axe
 C - a +0 war axe
Missiles
 b - 2 throwing nets
 y - 8 boomerangs
 D - 5 silver javelins (quivered)
Armour
 n - a +0 hat (worn)
 q - a +0 pair of boots (worn)
 H - a +0 plate armour (worn)
Jewellery
 i - a +4 ring of protection (right hand)
 m - a +6 ring of strength (left hand)
Talismans
 z - a serpent talisman
Wands
 p - a wand of flame (46)
 v - a wand of light (1)
Scrolls
 c - 2 scrolls of enchant weapon
 d - 2 scrolls of silence
 e - 4 scrolls of amnesia
 f - a scroll of brand weapon
 s - 2 scrolls of poison
 t - 4 scrolls of enchant armour
 u - 5 scrolls of fog
 A - 3 scrolls of identify
 B - 3 scrolls of teleportation
Potions
 h - a potion of resistance {unknown}
 j - 5 potions of mutation
 k - 2 potions of curing
 o - 2 potions of heal wounds
 r - a potion of might
 w - a potion of invisibility
 E - a potion of cancellation
 F - a potion of berserk rage


   Skills:
 + Level 8.4 Fighting
 * Level 17.6 Axes
 + Level 5.0 Throwing
 - Level 5.1 Armour
 - Level 5.0 Dodging
 + Level 7.0 Shields
 + Level 5.3 Evocations


You had 10 spell levels left.
You didn't know any spells.
Your spell library was empty.

Dungeon Overview and Level Annotations

Branches:
Dungeon (9/15)             Temple (1/1) D:7            Lair (0/5) D:9
  Sewer (visited)
    Orc: D:9-12

Altars:
Ashenzari
Cheibriados
Dithmenos
Elyvilon
Fedhas
Gozag
Kikubaaqudgha
Makhleb
Nemelex Xobeh
Okawaru
Qazlal
Ru
Sif Muna
Trog
Uskayaw
Vehumet
Wu Jian
Xom
Yredelemnul
Zin
The Shining One

Shops:
D:1 *   D:9 (


Innate Abilities, Weirdness & Mutations

You have a pair of horns on your head.
You reflexively headbutt those who attack you in melee.
You have large cloven feet.
Your flesh is heat resistant. (rF+)


Message History

You headbutt the cyan ugly thing!
The cyan ugly thing is lightly wounded.
You slice the cyan ugly thing!!
The cyan ugly thing is heavily wounded.
The cyan ugly thing pecks you!
* * * LOW HITPOINT WARNING * * *
The cyan ugly thing shocks you!
* * * LOW HITPOINT WARNING * * *
You slice the cyan ugly thing!!
The cyan ugly thing is almost dead.
You barely miss the cyan ugly thing. You headbutt the cyan ugly thing.
The cyan ugly thing is almost dead.
The cyan ugly thing pecks you but does no damage.
You slice the cyan ugly thing!!
You kill the cyan ugly thing!
Trog accepts your kill.
You slice the cyan ugly thing!!
The cyan ugly thing is heavily wounded.
You slice the cyan ugly thing!! You headbutt the cyan ugly thing!
The cyan ugly thing is almost dead.
The cyan ugly thing tentacle-slaps you but does no damage.
You slash the cyan ugly thing!
You kill the cyan ugly thing!
Trog accepts your kill.
A cyclops comes into view.
Your Throwing skill increases to level 5!
Your Shields skill increases to level 7!
You slice the vampire mosquito!! You headbutt the vampire mosquito.
You destroy the vampire mosquito!
Trog accepts your kill.
Things that are here:
a +0 giant club; a +0 giant club; an ugly thing corpse You slash the cyclops!
The cyclops is lightly wounded.
You barely miss the cyclops. You headbutt the cyclops.
The cyclops is moderately wounded.
You chop the cyclops into pieces!!! Your headbutt misses the cyclops.
The cyclops is almost dead.
The cyclops hits you!
You die...

##..#.#.###...._._....#...#......
#####.##.##...........#...#......
.##..###.###.........##...#......
#..####(## ##.......##....#######
#####..## ##.....##...........)
.###)### ###.###.............
##..#..## ##...).##.....)......
#..#.#..## ##.#####.##...........
..#...#..###.##C@)##.##.#######..
.#..#..#..#.##?###.##.#....#####.
#..#.#))#.##[## ##.#.#.##.#.#⌠#.
..#.?)#..#.##.# #.#......#.#...
#..#.#..#.#.#.## ##.#.#....#.#.._
.#..#..#..#.##.###.##.#....#.#...
..#...#..###.##...##.##.##.#.####
#..#.#..##.##.#####.##..##.'..#
##..#..##...##.....##......#..#


You could see a cyclops.

Vanquished Creatures
  Harold (D:9)
  A boulder beetle (D:9)
  A two-headed ogre (D:9)
  A catoblepas (D:9)
  2 centaur warriors (D:9)
  2 ugly things (D:9)
  2 cyclopes (D:9)
  A manticore (D:9)
  Joseph (D:9)
  A kobold demonologist (D:9)
  A hornet (D:9)
  2 trolls (D:9)
  Sigmund (D:2)
  2 wyverns
  Grum (D:9)
  2 vampire mosquitoes (D:9)
  An acid dragon (D:9)
  A water moccasin (D:8)
  4 orc warriors (D:9)
  3 ice beasts
  A black bear (D:8)
  3 wolves (D:9)
  An ogre (D:3)
  3 centaurs
  2 kobold brigands
  4 bullfrogs
  A scorpion (D:5)
  2 gnoll sergeants (D:9)
  5 wights
  12 killer bees (D:9)
  4 howler monkeys
  2 jellies
  A crimson imp (D:8)
  A hound (D:6)
  2 gnoll boudas
  7 orc priests
  2 iguanas (D:6)
  3 sleepcaps
  9 orc wizards
  Robin (D:2)
  5 adders
  12 gnolls
  8 river rats
  4 white imps
  An ufetubus (D:5)
  2 dart slugs
  3 worms
  29 orcs
  14 ball pythons
  8 endoplasms
  A giant cockroach (D:2)
  10 goblins
  9 hobgoblins
  19 kobolds
  2 quokkas
  3 bats
  2 frilled lizards
  27 rats
256 creatures vanquished.

Notes
Turn   | Place    | Note
-------+----------+-------------------------------------------
     0 | D:1      | howech the Minotaur Berserker began the quest for the Orb.
     0 | D:1      | Reached XP level 1. HP: 19/19 MP: 0/0
   279 | D:1      | Reached XP level 2. HP: 25/27 MP: 1/1
   670 | D:1      | Found Eregehev's General Store.
  1039 | D:2      | Reached skill level 4 in Axes
  1232 | D:2      | Reached XP level 3. HP: 33/33 MP: 2/2
  1236 | D:2      | Reached skill level 1 in Shields
  1458 | D:2      | Noticed Sigmund
  1714 | D:2      | Noticed Robin
  1719 | D:2      | Reached XP level 4. HP: 40/40 MP: 3/3
  1723 | D:2      | Killed Robin
  1752 | D:2      | Killed Sigmund
  1753 | D:2      | Reached skill level 5 in Axes
  1753 | D:2      | Reached skill level 1 in Evocations
  1753 | D:2      | Reached XP level 5. HP: 21/47 MP: 4/4
  2278 | D:3      | Reached XP level 6. HP: 17/53 MP: 5/5
  2465 | D:3      | Found a blossoming altar of Fedhas.
  2497 | D:3      | Reached ** piety under Trog
  4285 | D:5      | Entered Level 5 of the Dungeon
  4515 | D:5      | Noticed an ice beast
  4529 | D:5      | Reached skill level 5 in Fighting
  4529 | D:5      | Reached XP level 7. HP: 61/61 MP: 6/6
  4535 | D:5      | Reached skill level 6 in Axes
  4957 | D:5      | Noticed a wyvern
  4960 | D:5      | Killed a wyvern
  5087 | D:6      | Found a sparkling altar of Nemelex Xobeh.
  5467 | D:6      | Found a glowing drain.
  5483 | D:6      | Reached XP level 8. HP: 69/69 MP: 7/7
  5484 | Sewer    | Entered a sewer
  5549 | Sewer    | Reached *** piety under Trog
  5553 | Sewer    | Reached skill level 7 in Axes
  5561 | Sewer    | Reached skill level 5 in Armour
  5820 | Sewer    | Reached skill level 1 in Throwing
  5820 | Sewer    | Reached **** piety under Trog
  6017 | Sewer    | Gained mutation: Your flesh is heat resistant. (rF+)
                  | [potion of mutation]
  6017 | Sewer    | Gained mutation: You have large cloven feet. [potion of
                  | mutation]
  6027 | Sewer    | Reached skill level 15 in Axes
  6027 | Sewer    | Reached XP level 9. HP: 75/75 MP: 8/8
  6316 | D:6      | Found a glowing silver altar of Zin.
  7013 | D:7      | Found a staircase to the Ecumenical Temple.
  7019 | Temple   | Entered the Ecumenical Temple
  7176 | D:7      | Found a radiant altar of Vehumet.
  7416 | D:8      | Reached skill level 16 in Axes
  7573 | D:8      | Reached skill level 5 in Dodging
  7904 | D:9      | Paralysed by a hornet for 1 turns
  7909 | D:9      | Paralysed by a hornet for 1 turns
  8346 | D:9      | Reached XP level 10. HP: 71/84 MP: 6/9
  8841 | D:9      | Noticed a cyclops
  8842 | D:9      | Noticed Grum
  8856 | D:9      | Killed Grum
  8857 | D:9      | Reached skill level 5 in Shields
  8865 | D:9      | Killed a cyclops
  8994 | D:9      | Found a radiant altar of Vehumet.
  8995 | D:9      | Found a sacrificial altar of Ru.
  8995 | D:9      | Found an iron altar of Okawaru.
  8995 | D:9      | Found a shimmering blue altar of Sif Muna.
  9082 | D:9      | Noticed a manticore
  9094 | D:9      | Killed a manticore
  9305 | D:9      | Found an ornate altar of the Wu Jian Council.
  9338 | D:9      | Reached ***** piety under Trog
  9519 | D:9      | Found a staircase to the Lair.
  9559 | D:9      | Found Peguefo's Antique Weapon Shoppe.
  9598 | D:9      | Noticed Harold
  9607 | D:9      | Killed Harold
  9653 | D:9      | Noticed a boulder beetle
  9674 | D:9      | Killed a boulder beetle
  9675 | D:9      | Reached XP level 11. HP: 40/92 MP: 10/10
  9972 | D:9      | Noticed a centaur warrior
  9990 | D:9      | Killed a centaur warrior
  9991 | D:9      | Reached skill level 17 in Axes
 10030 | D:9      | Noticed a catoblepas
 10228 | D:9      | Killed a catoblepas
 10504 | D:9      | Reached skill level 5 in Evocations
 10646 | D:9      | Noticed Joseph
 10655 | D:9      | Killed Joseph
 10716 | D:9      | Identified the +1 fire dragon scales of Nihilism {rElec
                  | rF++ rC- Dex+3}
 10725 | D:9      | Noticed a centaur warrior
 10726 | D:9      | Noticed a two-headed ogre
 10730 | D:9      | Noticed a purple ugly thing
 10730 | D:9      | Killed a centaur warrior
 10731 | D:9      | Noticed a cyan ugly thing
 10737 | D:9      | Killed a two-headed ogre
 10739 | D:9      | HP: 1/141 [cyan ugly thing (12)]
 10742 | D:9      | Killed a cyan ugly thing
 10745 | D:9      | Killed a cyan ugly thing
 10746 | D:9      | Reached skill level 5 in Throwing
 10750 | D:9      | Mangled by a cyclops

Illustrated notes

Levels and vault maps discovered:
D:1:      elethiomel_arrival_infinity_welcomes_careful_drivers, layout_basic,
          serial_shops, nicolae_shop_tiny_statue_garden
D:2:      layout_basic, serial_corexii_hall, corexii_hall_statues_l,
          corexii_hall_statues_l, nicolae_hexahallways, uniq_sigmund, uniq_robin
D:3:      layout_basic, fedhas_altar_1, minmay_close_crescents
D:4:      layout_basic, kennysheep_small_square
D:5:      layout_loops_cross
D:6:      layout_loops_ring, nemelex_xobeh_ov_fountains_minmay, zin_scriptorium,
          portal_sewer_entry_a
D:7:      layout_basic, nicolae_vehumet_radiance, minmay_temple_entry_nine_rooms
D:8:      layout_basic, minmay_fire_ice_demons
D:9:      minmay_the_grid_octo_2x2 [minmay_the_grid_octo_shrine,
          minmay_the_grid_octo_fan_narrow, minmay_the_grid_octo_thin_diamonds,
          minmay_the_grid_octo_prize_single_spiral], layout_stronghold,
          mainiacjoe_overflow_alcove_2, dpeg_oklobed_lair, serial_shops,
          nicolae_shop_advertising_works [nicolae_subvault_shop_adworks],
          nzn_sisyphean_effort, uniq_grum, uniq_harold, uniq_joseph
Temple:   eino_temple_scatter_basement

Skill      XL: |  1  2  3  4  5  6  7  8  9 10 11 |
---------------+----------------------------------+-----
Axes           | 4 5 6 15 16 17 | 17.6
Fighting       | 4 5 6 7 8 |  8.4
Armour         | 3 4 5 |  5.1
Shields        | 1 2 3 4 6 7 |  7.0
Dodging        | 3 4 5 |  5.0
Evocations     | 1 2 3 4 5 |  5.3
Throwing       | 1 2 3 5 |  5.0

Action                     |  1- 3 |  4- 6 |  7- 9 | 10-12 || total
---------------------------+-------+-------+-------+-------++-------
  Melee: Hand axe          |    63 |    91 |   220 |    28 ||   402
         Headbutt          |    10 |     9 |    44 |    32 ||    95
         Punch             |     1 |     1 |       |     3 ||     5
         Battleaxe         |       |       |       |   168 ||   168
  Throw: Javelin           |       |       |     2 |    12 ||    14
         Boomerang         |       |       |       |     3 ||     3
 Invoke: Berserk           |     2 |       |     1 |     5 ||     8
         Trog's Hand       |       |       |       |     3 ||     3
    Use: Potion            |       |       |    10 |       ||    10
         Scroll            |       |       |    11 |       ||    11
   Stab: Sleeping          |       |     1 |       |       ||     1
 Armour: Animal skin       |    15 |    20 |       |       ||    35
         Ring mail         |       |    13 |    50 |       ||    63
         Plate armour      |       |       |    60 |   104 ||   164
  Dodge: Dodged            |    37 |    34 |   128 |    89 ||   288
         Form:             |       |     1 |       |       ||     1
         Anaconda          |       |     1 |       |       ||     1

Table legend: (Time is in decaauts)
 A = Elapsed time spent in this place.
 B = Non-inter-level travel time spent in this place.
 C = Inter-level travel time spent in this place.
 D = Time resting spent in this place.
 E = Time spent auto-exploring this place.
 F = Levels seen in this place.
 G = Mean time per level.
                   A        B        C        D        E       F      G
               +--------+--------+--------+--------+--------+-----+--------+
         Total |  10874 |  10672 |    202 |   2308 |   6394 |  11 |  988.5 |
       Dungeon |  10270 |  10068 |    202 |   2306 |   6067 |   9 | 1141.1 |
        Temple |      1 |      1 |      0 |      0 |      0 |   1 |    1.0 |
         Sewer |    602 |    602 |      0 |      1 |    327 |   1 |  602.0 |
               +--------+--------+--------+--------+--------+-----+--------+

Top non-repeatable levels by time:
     D:9: 2253 daAuts
     D:2: 1291 daAuts
     D:3: 1257 daAuts
     D:8: 1246 daAuts
     D:6: 1063 daAuts
     D:1: 952 daAuts
     D:4: 818 daAuts
     D:5: 742 daAuts
     D:7: 646 daAuts
   Sewer: 602 daAuts
  Temple: 1 daAuts
